 Dungeon Crawl Stone Soup version 0.16.1-4-g8e1b745 (console) character file.

65 gw the Ducker (level 3, 0/21 HPs)
             Began as a Deep Elf Artificer on Mar 27, 2015.
             Killed from afar by an orc wizard (10 damage)
             ... with a magic dart
             ... on level 3 of the Dungeon.
             The game lasted 00:02:31 (2623 turns).

gw the Ducker (Deep Elf Artificer)                  Turns: 2623, Time: 00:02:31

Health: 0/21       AC:  8    Str: 13    XL:     3   Next: 94%
Magic:  7/7        EV: 12    Int: 16    God:
Gold:   62         SH:  0    Dex: 16    Spells: 0 memorised, 2 levels left

rFire  . . .     SeeInvis .     a - +0 short sword
rCold  . . .     Clarity  .     g - +2 ring mail {rN+}
rNeg   + . .     SustAb   .     (no shield)
rPois  .         Gourm    .     r - +0 helmet
rElec  .         Spirit   .     (no cloak)
rCorr  .         Warding  .     (no gloves)
rMut   .         Stasis   .     (no boots)
MR     .....                    p - amulet of inaccuracy (curse)
Stlth  +.........               (no ring)
                                l - +5 ring of strength

@: not resistant to hostile enchantments, very unstealthy
A: no striking features
a: no special abilities


You were on level 3 of the Dungeon.
You were hungry.

You visited 1 branch of the dungeon, and saw 3 of its levels.

You collected 62 gold pieces.

Inventory:

Hand weapons
 a - a +0 short sword (weapon)
Missiles
 k - 76 arrows
Armour
 g - a +2 ring mail of positive energy (worn)
 r - a +0 helmet (worn)
Jewellery
 l - a +5 ring of strength (left hand)
 p - a cursed amulet of inaccuracy (around neck)
Magical devices
 b - a wand of flame (10)
 c - a wand of enslavement (14)
 d - a wand of random effects (10)
Scrolls
 j - a scroll of identify
Potions
 h - a potion of restore abilities
 i - 2 potions of curing
Comestibles
 f - a bread ration
 n - 2 beef jerkies
 o - a meat ration


   Skills:
 + Level 2.2 Fighting
 - Level 1.0 Short Blades
 + Level 4.0 Dodging
 - Level 1.2 Stealth
 - Level 3.2 Evocations


You had 2 spell levels left.
You didn't know any spells.

Dungeon Overview and Level Annotations

Branches:
Dungeon (3/15)

Altars:


Message History

Unknown command.
Unknown command.
ATTACK MOVE TO (0,-1)
You barely miss the orc wizard. The orc wizard misses you.
Unknown command.
Unknown command.
Unknown command.
Unknown command.
ATTACK MOVE TO (0,-1)
You closely miss the orc wizard.
The orc wizard hits you but does no damage.
Unknown command.
Unknown command.
Unknown command.
Unknown command.
ATTACK MOVE TO (0,-1)
You miss the orc wizard.
The orc wizard gestures at you while chanting.
The magic dart hits you!
You die...

.. ##.# ...#
...## .).#
..# #o# #e#
#.# #.# #.#
###########.#
.......)<...#
.####.#######


You could see an orc wizard.

Table legend:
 A = Turns spent in this place as a percentage of turns spent in the entire game.
 B = Non-inter-level travel turns spent in this place as a percentage of non-inter-level travel turns spent in the entire game.
 C = Inter-level travel turns spent in this place as a percentage of turns spent in this place.
 D = Turns resting spent in this place as a percentage of non-inter-level travel turns spent in this place.
 E = Turns spent auto-exploring this place as a percentage of non-inter-level travel turns spent in this place.
 F = Non-inter-level travel turns spent in this place divided by the number of levels of this place that you've seen.
                   A       B       C       D       E      F
               +-------+-------+-------+-------+-------+----------------------
         Total | 100.0 | 100.0 |   0.4 |   1.4 |   2.5 | 1169.0
       Dungeon | 100.0 | 100.0 |   0.4 |   1.4 |   2.5 | 1169.0
               +-------+-------+-------+-------+-------+----------------------

Table legend:
 A = Kills in this place as a percentage of kills in entire the game.
 B = Kills by you in this place as a percentage of kills by you in the entire game.
 C = Kills by friends in this place as a percentage of kills by friends in the entire game.
 D = Other kills in this place as a percentage of other kills in the entire game.
 E = Experience gained in this place as a percentage of experience gained in the entire game.
 F = Experience gained in this place divided by the number of levels of this place that you have seen.
                   A       B       C       D       E      F
               +-------+-------+-------+-------+-------+----------------------
         Total | 100.0 | 100.0 |  -nan |  -nan | 100.0 |  31.3
       Dungeon | 100.0 | 100.0 |  -nan |  -nan | 100.0 |  31.3
               +-------+-------+-------+-------+-------+----------------------

Vanquished Creatures
  An adder (D:3)
  A worm (D:2)
  3 giant geckos (D:1)
  5 orcs (D:3)
  A ball python (D:1)
  6 goblins
  3 hobgoblins
  A quokka (D:3)
  7 bats
  4 giant cockroaches
  6 giant newts
  2 kobolds
  6 rats
46 creatures vanquished.

Notes
Turn   | Place    | Note
--------------------------------------------------------------
     0 | D:1      | gw, the Deep Elf Artificer, began the quest for the Orb.
     0 | D:1      | Reached XP level 1. HP: 11/11 MP: 2/2
   202 | D:1      | Reached skill level 1 in Fighting
   446 | D:1      | Reached XP level 2. HP: 13/16 MP: 5/5
  1727 | D:2      | Reached XP level 3. HP: 21/21 MP: 7/7
  2587 | D:3      | Reached skill level 4 in Dodging
  2623 | D:3      | Killed from afar by an orc wizard

Action                   || total
-------------------------++-------
Melee: Short sword       ||   159
Evoke: Wand              ||    11
  Use: Scroll            ||     6
       Potion            ||     4
 Stab: Sleeping          ||     1
  Eat: Chunk             ||     5

Vault maps used:
D:1:      wheals_arrival_shading, serial_bayou_pond_a, st_stairs_7
D:3:      minmay_snake_closets
